 Dungeon Crawl Stone Soup version 0.30-a0-354-g6b83867211 (webtiles) character file.

Game seed: 15664372705742379149

2 blackman the Sneak (level 1, 0/18 HPs)
             Began as a Human Delver on Nov 7, 2022.
             Slain by a goblin
             ... wielding a +0 club
              (3 damage)
             ... on level 4 of the Dungeon on Nov 8, 2022.
             The game lasted 00:01:34 (100 turns).

blackman the Sneak (Human Delver)                    Turns: 100, Time: 00:01:35

Health: 0/18       AC:  3    Str: 12    XL:     1   Next: 44%
Magic:  1/1        EV: 12    Int: 10    God:
Gold:   40         SH:  0    Dex: 14    Spells: 0/0 levels left

rFire   . . .      SeeInvis .    a - +0 falchion
rCold   . . .      Faith    .    (no shield)
rNeg    . . .      Spirit   .    b - +0 leather armour
rPois   .          Reflect  .    (no helmet)
rElec   .          Harm     .    (no cloak)
rCorr   .          Rampage  .    (no gloves)
Will    .....                    (no boots)
Stlth   +++.......               (no amulet)
HPRegen 0.23/turn                (no ring)
MPRegen 0.07/turn                (no ring)

@: no status effects
A: no striking features
a: no special abilities


You were on level 4 of the Dungeon.
You visited 1 branch of the dungeon, and saw 2 of its levels.

You collected 40 gold pieces.

Inventory:

Hand Weapons
 a - a +0 falchion (weapon)
Armour
 b - a +0 leather armour (worn)
Wands
 g - a wand of digging (3)
Scrolls
 c - a scroll of fog
 d - a scroll of magic mapping
 e - a scroll of fear
Potions
 f - a potion of haste


   Skills:
 + Level 3.0 Fighting
 + Level 2.0 Long Blades
 + Level 2.0 Dodging
 + Level 5.0 Stealth


You couldn't memorise any spells.
You didn't know any spells.
Your spell library was empty.

Dungeon Overview and Level Annotations

Branches:
Dungeon (5/15)
 Temple: D:4-7

Altars:


Message History

You kill the kobold!
No target in view!
No target in view!
No target in view!
Things that are here:
a +0 short sword; 2 stones Key pressed, stopping explore.
You open the door.
A goblin and a dart slug come into view.
There are monsters nearby!
There are monsters nearby!
The dart slug launches a dart at you. The slug dart hits you.
There is an open door here.
An orc comes into view. It is wielding a +0 club.
The goblin shouts!
The dart slug launches a dart at you. The slug dart hits you.
The orc shouts!
You hit the orc.
The orc is moderately wounded.
The goblin hits you but does no damage. The orc hits you with a +0 club.
The goblin barely misses you. The orc closely misses you.
You are too injured to fight recklessly!
You are too injured to fight recklessly!
You are too injured to fight recklessly!
You are too injured to fight recklessly!
You are too injured to fight recklessly!
There is an open door here.
The orc attacks as you move away! The orc hits you with a +0 club.
* * * LOW HITPOINT WARNING * * *
The goblin attacks as you move away! The goblin completely misses you.
The orc attacks as you move away! The orc barely misses you.
The orc attacks as you move away! The orc misses you.
There is an open door here.
You hit the orc but do no damage. The orc hits you with a +0 club.
* * * LOW HITPOINT WARNING * * *
You are too injured to fight recklessly!
The goblin attacks as you move away! The goblin hits you with a +0 club.
You die...

.....+.# ### ###
##...#.# #..####..+
#.....# #........#
#...#.###
#........#
#...#...####
#..#'##..# #..
###....# ####..#
#..
####.##########8..#
#.
####....##g......##
..
#........@o..w.).##
#........######8..#
#........'...###..#
#........###+###+##
#.............#
#.............#
#.............#
#...............
#........###....


You could see a dart slug, an orc and a goblin.

Vanquished Creatures
  An endoplasm (D:4)
  A kobold (D:4)
2 creatures vanquished.

Notes
Turn   | Place    | Note
-------+----------+-------------------------------------------
     0 | D:5      | blackman the Human Delver began the quest for the Orb.
     0 | D:5      | Reached XP level 1. HP: 18/18 MP: 1/1
     0 | D:5      | Noticed a +0 falchion
     0 | D:5      | Noticed a +0 falchion
     0 | D:5      | Noticed a +0 spear
     2 | D:5      | Noticed a +0 short sword
     5 | D:5      | Noticed an iguana
    10 | D:5      | Noticed a +0 dagger
    10 | D:5      | Noticed a +0 short sword
    11 | D:5      | Noticed a +0 spear
    11 | D:5      | Noticed a +0 dagger
    15 | D:5      | Noticed a bullfrog
    35 | D:4      | Noticed a howler monkey
   100 | D:4      | Slain by a goblin

Illustrated notes

Levels and vault maps discovered:
D:4:      minmay_chambers_of_twos, layout_basic, nicolae_dithmenos_the_darkroom,
          serial_park_tiny_pond
D:5:      layout_rooms, mainiacjoe_overflow_alcove_2, nicolae_uskayaw_en_pointe,
          uniq_ijyb

Action                   || total
-------------------------++-------
Melee: Falchion          ||     6
Armor: Leather armour    ||     3
Dodge: Dodged            ||     9

Table legend: (Time is in decaauts)
 A = Elapsed time spent in this place.
 B = Non-inter-level travel time spent in this place.
 C = Inter-level travel time spent in this place.
 D = Time resting spent in this place.
 E = Time spent auto-exploring this place.
 F = Levels seen in this place.
 G = Mean time per level.
                   A        B        C        D        E       F      G
               +--------+--------+--------+--------+--------+-----+--------+
         Total |    101 |    101 |      0 |      0 |     45 |   2 |   50.5 |
       Dungeon |    101 |    101 |      0 |      0 |     45 |   2 |   50.5 |
               +--------+--------+--------+--------+--------+-----+--------+

Top non-repeatable levels by time:
     D:4: 82 daAuts
     D:5: 19 daAuts
